 Dungeon Crawl Stone Soup version 0.29-a0-474-gdfe5cd140f (webtiles) character file.

Game seed: 7463954798536071972

245 zeratav the Slicer (level 6, -2/34 (37) HPs)
             Began as a Kobold Fighter on May 24, 2022.
             Slain by a gnoll
             ... wielding a +0 flail of draining
              (3 damage)
             ... on level 4 of the Dungeon.
             The game lasted 00:04:42 (3524 turns).

zeratav the Slicer (Kobold Fighter)                 Turns: 3524, Time: 00:04:43

HP:   -2/34 (37)    AC:  4    Str: 13    XL:     6   Next: 32%
MP:   6/6           EV: 12    Int:  9    God:
Gold: 89            SH:  6    Dex: 17    Spells: 5/5 levels left

rFire   . . .      SeeInvis +   a - +0 rapier {short}
rCold   . . .      Faith    .   c - +0 buckler
rNeg    . . .      Spirit   .   C - +0 leather armour
rPois   .          Reflect  .   (no helmet)
rElec   .          Harm     .   (no cloak)
rCorr   .          Rampage  .   (no gloves)
Will    .....                   u - +0 pair of boots
Stlth   ++........              (no amulet)
HPRegen 0.11/turn               m - ring of see invisible
MPRegen 0.10/turn               n - ring of flight

@: flying, drained
A: small, no large weapons, nightstalker 3
a: no special abilities


You were on level 4 of the Dungeon.
You visited 1 branch of the dungeon, and saw 4 of its levels.
You also visited: Sewer.

You collected 89 gold pieces.


Innate Abilities, Weirdness & Mutations

You are small and have problems with some larger weapons.
You are completely attuned to the shadows.


   Skills:
 - Level 3.2 Fighting
 + Level 8.2 Short Blades
 - Level 2.4 Armour
 - Level 2.4 Shields


You had 5 spell levels left.
You didn't know any spells.
Your spell library was empty.

Inventory:

Hand Weapons
 a - a +0 rapier (weapon) {short}
 f - a +1 whip of electrocution {mace}
   (You took it off a kobold on level 1 of the Dungeon)
Armour
 c - a +0 buckler (worn)
 u - a +0 pair of boots (worn)
   (You found it on level 2 of the Dungeon)
 C - a +0 leather armour (worn)
   (You took it off an orc on level 3 of the Dungeon)
Jewellery
 g - a ring of magical power
   (You found it on level 1 of the Dungeon)
 m - a ring of see invisible (left hand)
   (You found it on level 1 of the Dungeon)
 n - a ring of flight (right hand)
   (You found it on level 2 of the Dungeon)
 t - a ring of magical power
   (You found it on level 2 of the Dungeon)
Wands
 k - a wand of iceblast (8)
   (You found it on level 3 of the Dungeon)
 A - a wand of digging (5)
   (You found it on level 3 of the Dungeon)
Scrolls
 h - a scroll of teleportation {unknown}
 j - 2 scrolls of identify {unknown}
 l - a scroll of summoning {unknown}
 q - a scroll of vulnerability {unknown}
 r - a scroll of poison {unknown}
 s - a scroll of magic mapping {unknown}
 v - a scroll of fog {unknown}
Potions
 d - a potion of might
 e - 2 potions of lignification {unknown}
 i - a potion of attraction {unknown}
 o - 4 potions of curing {unknown}
 p - a potion of berserk rage {unknown}
 w - 2 potions of flight
 x - 2 potions of heal wounds {@q2}
 z - a potion of degeneration {unknown}
 D - a potion of mutation {unknown}
 E - a potion of haste {unknown}

Dungeon Overview and Level Annotations

Branches:
Dungeon (4/15)              Sewer (visited)
 Temple: D:4-7

Altars:

Shops:
D:1

* ....#
##...##..........
.##.
#...####.........
#.#.#.....#......
...###....###.....
.. .....# #.....
.....###.....
#.........
##..##.....
.....@###...
.....g.# ...
.......gg ..
.......#.#
.....##..


You could see 3 gnolls.


Message History

The helpless adder fails to defend itself.
You impale the adder!!
You kill the adder!
No target in view!
No target in view!
No target in view!
No target in view!
No target in view!
No target in view!
No target in view!
No target in view!
No target in view!
No target in view!
No target in view!
You now have 89 gold pieces (gained 10).
You see here an adder corpse.
An orc comes into view. It is wielding a +0 mace.
An orc is nearby!
The helpless orc fails to defend itself.
You puncture the orc!
You kill the orc!
No target in view!
No target in view!
No target in view!
No target in view!
No target in view!
No target in view!
No target in view!
No target in view!
No target in view!
No target in view!
No target in view!
No target in view!
No target in view!
A gnoll comes into view. It is wielding a +0 flail.
The gnoll shouts!
A gnoll comes into view. It is wielding a +0 flail of draining.
A gnoll comes into view. It is wielding a +0 spear.
The gnoll shouts!
You hit the gnoll.
A gnoll comes into view. It is wielding a +0 club.
You hit the gnoll. The gnoll barely misses you. You block the gnoll's attack.
The gnoll hits you from afar with a +0 spear.
HP[-2]
You take 2 damage, and now have 35/37 hp.
You hit the gnoll.
The gnoll hits you from afar with a +0 spear.
The gnoll hits you with a +0 flail.
HP[-3]
You take 3 damage, and now have 32/37 hp.
You hit the gnoll but do no damage. The gnoll misses you.
The gnoll barely misses you. The gnoll misses you.
You barely miss the gnoll. You hit the gnoll but do no damage.
An ufetubus comes into view.
The gnoll hits you with a +0 flail. You block the gnoll's attack.
The ufetubus moves out of view.
HP[-6]
You take 6 damage, and now have 26/37 hp.
You hit the gnoll. You block the gnoll's attack.
The gnoll hits you but does no damage.
You feel drained.
The gnoll hits you from afar with a +0 spear.
HP[-5]
You now have 36 max hp (-1).
You take 5 damage, and now have 21/36 hp.
You hit the gnoll but do no damage.
The gnoll hits you from afar with a +0 spear.
You block the gnoll's attack.
HP[-1]
You take 1 damage, and now have 20/36 hp.
You puncture the gnoll!
You kill the gnoll!
The gnoll misses you.
Your life force feels restored.
You now have 37 max hp (+1).
You hit the gnoll but do no damage.
The gnoll hits you with a +0 flail of draining.
* * * LOW HITPOINT WARNING * * *
You feel drained.
* * * LOW HITPOINT WARNING * * *
You block the gnoll's attack.
HP[-5]
You now have 36 max hp (-1).
You take 5 damage, and now have 15/36 hp.
You hit the gnoll.
The gnoll hits you with a +0 flail of draining.
* * * LOW HITPOINT WARNING * * *
You feel drained.
* * * LOW HITPOINT WARNING * * *
The gnoll hits you but does no damage.
HP[-7]
You now have 35 max hp (-1).
You take 7 damage, and now have 8/35 hp.
You hit the gnoll.
HP[+1]
You hit the gnoll but do no damage.
The gnoll hits you with a +0 flail of draining!
* * * LOW HITPOINT WARNING * * *
You feel drained.
You die...

Skill      XL: |  1  2  3  4  5  6 |
---------------+-------------------+-----
Short Blades   | 3 4 5 6 7 8 |  8.2
Fighting       | |  3.2
Armour         | |  2.4
Shields        | |  2.4

Action                   |  1- 3 |  4- 6 || total
-------------------------+-------+-------++-------
Melee: Rapier            |    96 |   159 ||   255
 Stab: Sleeping          |     2 |     5 ||     7
Armor: Scale mail        |    58 |    40 ||    98
       Leather armour    |       |     2 ||     2
Dodge: Dodged            |    72 |    54 ||   126
Block: Buckler           |    39 |    32 ||    71

Levels and vault maps discovered:
D:1:      minmay_arrival_checkered_box, layout_basic, serial_shops,
          nicolae_shop_temple_entry_statues_fountains
D:2:      layout_rooms, hellmonk_ecumenical_altar_watching_god,
          chequers_serial_rivers_room_b
D:3:      layout_loops_ring, gup_sewer_entry_bubbles, minmay_distorted
D:4:      layout_cave_pools

Notes
Turn   | Place    | Note
-------+----------+-------------------------------------------
     0 | D:1      | zeratav the Kobold Fighter began the quest for the Orb.
     0 | D:1      | Reached XP level 1. HP: 14/14 MP: 1/1
     0 | D:1      | magus.rc [v1.9.6]
    30 | D:1      | Reached skill level 3 in Short Blades
    38 | D:1      | Reached XP level 2. HP: 6/19 MP: 2/2
   365 | D:1      | Found Peonuget's General Store.
   388 | D:1      | Reached skill level 4 in Short Blades
   734 | D:1      | Reached XP level 3. HP: 23/23 MP: 3/3
   926 | D:2      | HP: 5/23 [worm (2)]
   948 | D:2      | HP: 5/23 [ball python (2)]
  1294 | D:2      | Reached skill level 5 in Short Blades
  1305 | D:2      | Noticed a shining eye
  1306 | D:2      | Found a faded altar of an unknown god.
  1306 | D:2      | Noticed a shining eye
  1349 | D:2      | Noticed a golden eye
  1359 | D:2      | Noticed a floating eye
  1509 | D:2      | Reached XP level 4. HP: 28/28 MP: 4/4
  1995 | D:3      | Reached skill level 6 in Short Blades
  1995 | D:3      | Reached XP level 5. HP: 12/32 MP: 5/5
  2296 | D:3      | Found a glowing drain.
  2304 | Sewer    | Entered a sewer
  2395 | Sewer    | Noticed a kobold brigand
  2406 | Sewer    | Killed a kobold brigand
  2407 | Sewer    | Reached skill level 7 in Short Blades
  2461 | Sewer    | Found a glowing silver altar of Zin.
  2537 | Sewer    | Reached XP level 6. HP: 29/37 MP: 6/6
  3295 | D:3      | Reached skill level 8 in Short Blades
  3522 | D:4      | HP: 8/35 [gnoll/+0 flail of draining (2)]
  3524 | D:4      | HP: 1/35 [gnoll/+0 flail of draining (8)]
  3524 | D:4      | Slain by a gnoll

Vanquished Creatures
  A kobold brigand (Sewer)
  An iguana (D:3)
  A gnoll (D:4)
  5 adders
  A river rat (Sewer)
  2 worms
  5 dart slugs
  6 orcs
  9 ball pythons
  9 bats
  4 endoplasms
  3 giant cockroaches
  2 goblins
  2 jackals (D:1)
  9 kobolds
  4 quokkas
  A frilled lizard (D:3)
  8 rats
73 creatures vanquished.

Table legend:
 A = Non-vault XP
 B = Vault XP
 C = Vault XP percentage of total XP
 D = Non-vault monster count
 E = Vault monster count
 F = Vault count percentage of total count
                 A         B        C        D         E       F
            +---------+---------+-------+---------+---------+-------
      Total |     220 |     131 |  37.3 |      58 |      15 |  20.5
            +---------+---------+-------+---------+---------+-------
        D:1 |      34 |       0 |   0.0 |      15 |       0 |   0.0
        D:2 |      54 |       0 |   0.0 |      18 |       0 |   0.0
        D:3 |     100 |      17 |  14.5 |      21 |       7 |  25.0
        D:4 |      32 |       0 |   0.0 |       4 |       0 |   0.0
      Sewer |       0 |     114 | 100.0 |       0 |       8 | 100.0
            +---------+---------+-------+---------+---------+-------

Illustrated notes

Table legend:
 A = Kills in this place as a percentage of kills in entire the game.
 B = Kills by you in this place as a percentage of kills by you in the entire game.
 C = Kills by friends in this place as a percentage of kills by friends in the entire game.
 D = Other kills in this place as a percentage of other kills in the entire game.
 E = Experience gained in this place as a percentage of experience gained in the entire game.
 F = Experience gained in this place divided by the number of levels of this place that you have seen.
                   A       B       C       D       E      F
               +-------+-------+-------+-------+-------+----------------------
         Total | 100.0 | 100.0 |   N/A |   N/A | 100.0 |  70.2
       Dungeon |  89.0 |  89.0 |   N/A |   N/A |  67.5 |  59.2
         Sewer |  11.0 |  11.0 |   N/A |   N/A |  32.5 | 114.0
               +-------+-------+-------+-------+-------+----------------------

Table legend: (Time is in decaauts)
 A = Elapsed time spent in this place.
 B = Non-inter-level travel time spent in this place.
 C = Inter-level travel time spent in this place.
 D = Time resting spent in this place.
 E = Time spent auto-exploring this place.
 F = Levels seen in this place.
 G = Mean time per level.
                   A        B        C        D        E       F      G
               +--------+--------+--------+--------+--------+-----+--------+
         Total |   3515 |   3450 |     65 |    759 |   2101 |   5 |  703.0 |
       Dungeon |   3217 |   3152 |     65 |    759 |   1849 |   4 |  804.2 |
         Sewer |    298 |    298 |      0 |      0 |    252 |   1 |  298.0 |
               +--------+--------+--------+--------+--------+-----+--------+

Top non-repeatable levels by time:
     D:3: 1201 daAuts
     D:2: 1026 daAuts
     D:1: 878 daAuts
   Sewer: 298 daAuts
     D:4: 110 daAuts
